AoeStats
← INOX

Arabia

510642851Analyzed
4v4 RM · 13h ago on Oct 1, 2026· 48m 25s· 8 players
Game mode
Random Map
Map size
Large (8 player)
Population
200
Speed
Normal
Resources
Standard
Victory
Conquest
Starting age
Dark Age
Ending age
Imperial Age
RankedLock teamsTeams togetherTeam positionsShared explorationLock speedFull tech treeHidden civsTurbo modeCheats
Victory
Defeat
🇨🇳 Ethiopians · China
955
+12
🇨🇦 Japanese · Canada
917
+14
🇹🇷 Berbers · Türkiye
910
+14
🇺🇸 Wei · United States
908
+14
🇨🇳 Magyars · China
985
-18
🇺🇸 Huns · United States
838
-12
🇦🇷 Japanese · Argentina
820
-12
🇫🇷 Turks · France
818
-19
Surfer's Gambit
0:27 Loom
11:37 Feudal Age
12:06 Horse Collar
12:13 Double-Bit Axe
12:25 Gold Mining
13:17 Wheelbarrow
13:29 Town Watch
13:42 Stone Mining
20:09 Castle Age
22:11 Bow Saw
24:04 Fishing Lines
25:12 Gillnets
26:03 Gold Shaft Mining
26:08 Stone Shaft Mining
25:57 Bloodlines
25:48 Husbandry
28:49 Imperial Age
28:12 Tuntian
29:29 Scale Barding Armor
29:34 Forging
30:18 Ming Guang Armor
30:14 Conscription
33:27 Heavy Plow
33:14 Heavy Hei Guang Cavalry
38:10 Fletching
38:21 Padded Archer Armor
38:56 Iron Casting
38:42 Chain Barding Armor
39:56 Crop Rotation
40:18 Thumb Ring
39:49 Elite Skirmisher
42:30 Elite Genitour
44:42 Blast Furnace
44:04 Caravan
45:58 Bodkin Arrow
46:18 Leather Archer Armor
47:16 Ballistics
48:05 Chemistry
46:50 Treadmill Crane
614Superdry
12:54 Feudal Age
15:20 Loom
20:50 Castle Age
27:28 Stone Mining
27:26 Double-Bit Axe
28:42 Gold Mining
28:38 Horse Collar
28:33 Pikeman
30:24 Wheelbarrow
30:12 Bow Saw
32:07 Squires
32:21 Forging
36:53 Gold Shaft Mining
36:14 Elite Skirmisher
37:37 Fletching
37:49 Scale Mail Armor
39:31 Heavy Plow
46:24 Imperial Age
44:32 Treadmill Crane
45:27 Hand Cart
47:29 Iron Casting
47:09 Chain Mail Armor
46:43 Arson
48:19 Conscription
squeezecheese21
14:29 Feudal Age
14:57 Horse Collar
15:06 Double-Bit Axe
15:15 Stone Mining
15:20 Town Watch
16:11 Wheelbarrow
17:09 Gold Mining
21:58 Castle Age
21:33 Loom
21:48 Fletching
21:59 Padded Archer Armor
22:51 Bow Saw
22:43 Heavy Plow
23:01 Bodkin Arrow
23:46 Gold Shaft Mining
22:56 Pikeman
23:37 Squires
24:55 Hand Cart
27:25 Kasbah
27:46 Leather Archer Armor
28:53 Stone Shaft Mining
30:07 Thumb Ring
31:50 Bloodlines
31:40 Husbandry
33:42 Ballistics
34:58 Masonry
34:45 Murder Holes
39:43 Imperial Age
37:33 Forging
37:23 Scale Mail Armor
37:57 Treadmill Crane
39:46 Iron Casting
39:54 Coinage
40:10 Town Patrol
40:55 Crop Rotation
40:48 Conscription
39:51 Elite Camel Archer
40:36 Maghrebi Camels
41:49 Chemistry
40:55 Siege Engineers
41:05 Bracer
41:35 Ring Archer Armor
44:37 Onager
戏皇。
11:58 Feudal Age
13:01 Double-Bit Axe
13:00 Horse Collar
14:31 Loom
26:29 Castle Age
26:35 Gold Mining
26:40 Stone Mining
27:26 Crossbowman
28:21 Bow Saw
29:17 Stone Shaft Mining
29:02 Heavy Plow
31:05 Scale Barding Armor
31:12 Forging
32:56 Gold Shaft Mining
33:52 Fortified Wall
40:50 Imperial Age
39:59 Chain Barding Armor
40:18 Iron Casting
41:09 Wheelbarrow
40:19 Town Watch
41:21 Royal Heirs
41:41 Husbandry
42:15 Conscription
42:00 Heavy Camel Rider
45:03 Hand Cart
44:59 Siege Engineers
45:17 Ballistics
47:08 Blast Furnace
46:50 Arbalester
Rat Meat Pizza
13:23 Feudal Age
14:36 Horse Collar
14:45 Double-Bit Axe
15:38 Wheelbarrow
14:49 Loom
16:02 Gold Mining
17:30 Stone Mining
26:57 Castle Age
27:55 Heavy Plow
28:10 Bow Saw
28:47 Hand Cart
31:49 Imperial Age
30:11 Gold Shaft Mining
34:13 Two-Man Saw
35:08 Conscription
36:01 Elite Tarkan
37:02 Conscription
39:46 Marauders
41:19 Thumb Ring
42:31 Padded Archer Armor
42:21 Fletching
42:37 Scale Barding Armor
42:32 Scale Mail Armor
42:43 Forging
43:03 Parthian Tactics
43:11 Husbandry
43:21 Bloodlines
44:33 Leather Archer Armor
44:14 Bodkin Arrow
45:05 Chain Barding Armor
45:20 Cavalier
47:00 Chain Mail Armor
47:20 Iron Casting
47:22 Heavy Cavalry Archer
INOX
1:48 Loom
15:22 Feudal Age
16:55 Double-Bit Axe
16:54 Horse Collar
18:28 Wheelbarrow
23:28 Castle Age
21:33 Gold Mining
25:46 Ballistics
26:12 Heavy Plow
27:30 Scale Mail Armor
27:40 Forging
27:35 Padded Archer Armor
27:25 Fletching
28:30 Gold Shaft Mining
27:29 Man-at-Arms
28:11 Squires
27:57 Arson
31:58 Long Swordsman
36:07 Hand Cart
35:44 Town Watch
40:31 Fortified Wall
43:39 Imperial Age
41:17 Town Patrol
43:38 Thumb Ring
44:25 Masonry
43:55 Treadmill Crane
47:07 Bombard Tower
46:39 Guard Tower
46:40 Heated Shot
47:20 Architecture
开局一片田
10:12 Feudal Age
8:29 Loom
14:00 Scale Barding Armor
18:29 Horse Collar
24:36 Castle Age
22:56 Gold Mining
22:54 Double-Bit Axe
25:59 Bow Saw
25:50 Heavy Plow
27:00 Gold Shaft Mining
26:37 Fletching
26:47 Padded Archer Armor
27:24 Wheelbarrow
27:54 Husbandry
28:34 Bodkin Arrow
31:44 Ballistics
31:38 Bloodlines
32:14 Hand Cart
32:18 Town Watch
38:22 Imperial Age
35:53 Town Patrol
36:09 Leather Archer Armor
36:31 Stone Mining
39:55 Conscription
39:35 Recurve Bow
39:37 Bracer
40:07 Ring Archer Armor
40:40 Chemistry
39:47 Thumb Ring
40:50 Two-Man Saw
40:44 Parthian Tactics
41:49 Crop Rotation
41:26 Corvinian Army
41:53 Scale Mail Armor
42:13 Chain Barding Armor
42:30 Pikeman
42:56 Arson
43:28 Chain Mail Armor
43:38 Halberdier
45:26 Caravan
46:38 Elite Magyar Huszar
48:44 Plate Barding Armor
Lumber
9:10 Loom
11:23 Feudal Age
11:53 Double-Bit Axe
11:53 Horse Collar
20:38 Castle Age
18:58 Stone Mining
21:34 Wheelbarrow
20:55 Gold Mining
21:33 Bow Saw
23:21 Scale Mail Armor
23:33 Forging
24:57 Gold Shaft Mining
31:52 Imperial Age
30:23 Heavy Plow
30:48 Squires
30:34 Arson
31:21 Hand Cart
31:44 Town Watch
33:08 Conscription
33:15 Kataparuto
34:16 Two-Man Saw
34:31 Elite Samurai
37:46 Chain Mail Armor
38:07 Iron Casting
40:56 Plate Mail Armor
41:27 Blast Furnace
40:07 Elite Skirmisher
42:32 Fletching
42:43 Padded Archer Armor
43:53 Bodkin Arrow
45:02 Chemistry
44:23 Ballistics
Connection lost

Rejoining the realm…

Still unreachable

The connection could not be restored.

Session expired

The server has moved on; the page needs a fresh start.